AoeStats
← IdliDosa

Hill Fort

506685788Analyzed
2v2 RM · 17d ago on Sep 14, 2026· 16m 19s· 4 players
Game mode
Random Map
Map size
Medium (4 player)
Population
200
Speed
Normal
Resources
Standard
Victory
Conquest
Starting age
Dark Age
Ending age
Imperial Age
RankedLock teamsTeams togetherTeam positionsShared explorationLock speedFull tech treeHidden civsTurbo modeCheats
Victory
Defeat
🇨🇱 Spanish · Chile
1227
+15
🇨🇱 Mongols · Chile
1197
+16
🇮🇳 Japanese · India
1239
-17
🇳🇱 Cumans · Netherlands
1161
-14
WesZ
5:01 Loom
9:12 Feudal Age
9:58 Double-Bit Axe
IdliDosa
9:01 Feudal Age
9:36 Man-at-Arms
10:41 Horse Collar
11:44 Loom
12:22 Double-Bit Axe
13:25 Scale Mail Armor
MatiasElGalan
10:23 Feudal Age
11:08 Double-Bit Axe
15:45 Castle Age
14:24 Double-Bit Axe
15:59 Gold Mining
15:52 Horse Collar
Dolph
9:34 Feudal Age
10:37 Double-Bit Axe
12:05 Loom
12:16 Horse Collar
Connection lost

Rejoining the realm…

Still unreachable

The connection could not be restored.

Session expired

The server has moved on; the page needs a fresh start.